cohdb
Replays
Latest Replays
All Replays
Popular Replays
Top Player Replays
Match Explorer
How It Works
Community
CoH3 Stats
Reddit
Sign in to upload your games and track your stats! →
Sign in with Steam
Match 42630927
Unlisted
Match 42630927
Overview
Messages
Build Orders
End
Scout Squad
Selects Heavy Weapons
Construct Weapon Support Center
Engineer Squad
M1919 Machine Gun Team
M1919 Machine Gun Team
Bazooka Squad
Selects M2HB .50cal Heavy Machine Gun
Bazooka Squad
Construct Medical Station
Mechanized Support Center
M3 Armored Personnel Carrier
Selects Assault Carriers
M3 Assault Carrier
Bazooka Squad
Construct Tank Depot
Selects Halftrack Strongpoints
M4A1 Sherman Medium Tank
Engineer Squad
Engineer Squad
M4A1 Sherman Medium Tank
M4A1 76mm Conversion
Engineer Squad
Selects M26 Pershing Heavy Tank
M26 Pershing Heavy Tank
CommieRed
Thank You Chef
Aleloons
ChesTerMUST
Animal Mother
chendulin
Town center attack
MrXanathos
0
0
Comments
sign in to comment!
No comments posted yet!